 Dungeon Sprint DCSS version 0.29-a0-834-g1e95ca9f62 (webtiles) character file.

Game seed: 6635619225410665602

23328 mhtbhm the Peltast (level 13, -5/132 HPs)
             Began as a Gargoyle Fighter on July 12, 2022.
             Was the Champion of Qazlal.
             Killed by divine providence
             ... invoked by a daeva
              (15 damage)
             ... in the Dungeon (Sprint VII: "The Pits").
             The game lasted 00:09:01 (2913 turns).

mhtbhm the Peltast (Gargoyle Fighter)               Turns: 2913, Time: 00:09:01

Health: -5/132     AC: 29    Str: 25    XL:     13   Next: 6%
Magic:  1/25       EV: 14    Int:  7    God:    Qazlal [******]
Gold:   51         SH:  8    Dex: 13    Spells: 12/12 levels left

rFire   + + +      SeeInvis .   a - +7 great mace "Firestarter" {inner flame, rF++}
rCold   + . .      Faith    .   (shield currently unavailable)
rNeg    + . .      Spirit   .   b - +4 ring mail {rC+}
rPois   ∞          Reflect  .   r - +0 helmet
rElec   +          Harm     .   t - +0 cloak
rCorr   .          Rampage  .   (no gloves)
Will    +....      NoTele   +   q - +0 pair of boots
Stlth   ..........              (no amulet)
HPRegen 0.32/turn               C - ring of willpower
MPRegen 0.19/turn               n - +3 ring of protection

@: berserking, protected from fire, glowing, repel missiles, very quick
A: sickness immunity, AC +9, negative energy resistance 1, electricity
resistance, torment resistance 1, petrification resistance, hooves 1, agile 1,
sense surroundings 1
a: Renounce Religion, Upheaval, Elemental Force, Disaster Area


You were in the Dungeon.
You worshipped Qazlal.
Qazlal was exalted by your worship.
You visited 1 branch You collected 51 gold pieces.

Inventory:

Hand Weapons
 a - the +7 great mace "Firestarter" (weapon) {inner flame, rF++}
   (You found it in the Dungeon)

   It burns those it strikes, dealing additional fire damage.
   It fills those it strikes with an explosive inner flame.
   It grants immunity to clouds of flame.
   rF:        It greatly protects you from fire.
Armour
 b - a +4 ring mail of cold resistance (worn)
 q - a +0 pair of boots (worn)
 r - a +0 helmet (worn)
 t - a +0 cloak (worn)
Jewellery
 n - a +3 ring of protection (right hand)
 A - a ring of ice
 C - a ring of willpower (left hand)
Wands
 s - a wand of flame (15)
Scrolls
 l - 5 scrolls of amnesia
 m - a scroll of summoning
 u - 6 scrolls of enchant armour
 v - 3 scrolls of identify
 w - a scroll of fog
 y - 3 scrolls of fear
 z - a scroll of blinking
Potions
 d - a potion of might
 e - 6 potions of curing
 f - 8 potions of heal wounds
 g - a potion of haste
 h - 4 potions of magic
 k - 2 potions of invisibility
 o - 3 potions of brilliance
 p - a potion of resistance
 B - a potion of cancellation


   Skills:
 + Level 13.0 Fighting
 + Level 15.0 Maces & Flails
 + Level 14.4 Armour
 + Level 6.7 Dodging
 + Level 4.2 Stealth
 + Level 19.2 Shields
 * Level 17.4 Invocations
 + Level 1.4 Evocations


You had 12 spell levels left.
You didn't know any spells.
Your spell library was empty.

Dungeon Overview and Level Annotations

Branches:
Dungeon (1/1)

Altars:
Ashenzari
Cheibriados
Dithmenos
Elyvilon
Fedhas
Gozag
Hepliaklqana
Kikubaaqudgha
Makhleb
Nemelex Xobeh
Okawaru
Qazlal
Ru
Sif Muna
Trog
Uskayaw
Vehumet
Wu Jian
Xom
Yredelemnul
Zin
The Shining One
Jiyva
Lugonu


Innate Abilities, Weirdness & Mutations

You are immune to sickness and miasma.
Your stone body is resilient. (AC +9)
You are immune to poison.
You resist negative energy. (rN+)
You are resistant to electric shocks. (rElec)
You are resistant to unholy torment.
You are immune to petrification.
You have large cloven feet.
You are agile. (Dex +4, Str/Int -1)
You passively map a small area around you.


Message History

Qazlal accepts your kill.
The daeva is engulfed in blazing flames.
Your Fighting skill increases to level 13!
Your Maces & Flails skill increases to level 15!
Unknown command.
Unknown command.
Unknown command.
The daeva blocks your attack.
The daeva is heavily wounded.
The daeva blocks your attack.
The daeva is heavily wounded.
You hear an angry buzzing noise.
The daeva is engulfed in blazing flames.
The daeva calls down the wrath of the Shining One upon you.
The Shining One smites you!
* * * LOW HITPOINT WARNING * * *
The daeva blocks your attack.
The daeva is heavily wounded.
The daeva is engulfed in blazing flames.
The daeva hits you but does no damage. x2
Unknown command.
Unknown command.
You bludgeon the daeva!! You burn the daeva.
The daeva is filled with an inner flame.
The daeva is almost dead.
The large abomination is engulfed in blazing flames.
Unknown command.
Unknown command.
The daeva blocks your attack.
The daeva is almost dead.
The rakshasa weaves an illusion.
The daeva calls down the wrath of the Shining One upon you.
The Shining One smites you!
* * * LOW HITPOINT WARNING * * *
Unknown command.
Unknown command.
You hear an angry buzzing noise.
The daeva calls down the wrath of the Shining One upon you.
The Shining One smites you!
You die...

*, ,*#.................... , ,
#..################.. #..##, #Z#
#.. * *#..#4#, #R# #.. #..# W#,
#X# * #.. #..# .#,#Z# #.. ,, ,
#..# .#.# #.. #..#####R#######
#.. #############...@XA°F§......
#_________.##...°§.§........ , ,
#_________.###########++#### *
#_______...###########++#########
##########'##................##..
#.?(.')))'.##......#..#......##..
##########.##................''..
#...........'........).......''..
#'#####'#####......#..#......##..


You could see a daeva (inner flame), a rakshasa, a large abomination and a blink
frog.

Vanquished Creatures
  Arachne (D)
  A death cob (D)
  A nagaraja (D)
  A ghost moth (D)
  Josephine (D)
  An alligator snapping turtle (D)
  A cherub (D)
  2 shadow wraiths (D)
  A fire crab (D)
  A sea snake (D)
  A deep troll (D)
  A swamp dragon (D)
  A lindwurm (D)
  2 deep elf pyromancers (D)
  3 slime creatures (D)
  An elephant (D)
  Maurice (D)
  A molten gargoyle (D)
  A smoke demon (D)
  2 komodo dragons (D)
  A demonic crawler (D)
  3 kobold demonologists (D)
  A freezing wraith (D)
  Psyche (D)
  2 ice devils (D)
  A polar bear (D)
  2 tarantellas (D)
  5 dream sheep (D)
  A flying skull (D)
  A jumping spider (D)
  A wyvern (D)
  A wraith (D)
  A basilisk (D)
  A neqoxec (D)
  A vampire mosquito (D)
  A redback (D)
  A warg (D)
  2 ice beasts (D)
  A swamp drake (D)
  A sky beast (D)
  7 wolves (D)
  A centaur (D)
  A scorpion (D)
  2 gnoll sergeants (D)
  A small abomination (D)
  A necrophage (D)
  An orc priest (D)
  A jelly (D)
  A gnoll bouda (D)
  An iron imp (D)
  An iguana (D)
  A hell rat (D)
  13 gnolls (D)
  An adder (D)
  A river rat (D)
  An adder zombie (D)
  A worm (D)
  2 orcs (D)
  A ball python (D)
  A bat (D)
  A bat skeleton (D)
  2 giant cockroaches (D)
  5 jackals (D)
  2 quokkas (D)
  A giant cockroach zombie (D)
  2 kobolds (D)
107 creatures vanquished.

Vanquished Creatures (collateral kills)
  A fire dragon (D)
  A death knight (D)
  2 flayed ghosts (D)
  A hellwing (D)
  A merfolk (D)
  A blink frog (D)
  A vampire mosquito (D)
8 creatures vanquished.

Vanquished Creatures (others)
  A hydra (D)
1 creature vanquished.

Grand Total: 116 creatures vanquished

Notes
Turn   | Place    | Note
-------+----------+-------------------------------------------
     0 | D        | mhtbhm the Gargoyle Fighter began the quest for the Orb.
     0 | D        | Reached XP level 1. HP: 14/14 MP: 1/1
    21 | D        | Found a bloodstained altar of Trog.
    21 | D        | Found a shimmering blue altar of Sif Muna.
    21 | D        | Found a viscous altar of Jiyva.
    21 | D        | Found a hazy altar of Hepliaklqana.
    21 | D        | Found an opulent altar of Gozag.
    22 | D        | Found a glowing golden altar of the Shining One.
    22 | D        | Found a glowing silver altar of Zin.
    22 | D        | Found a basalt altar of Yredelemnul.
    22 | D        | Found a shimmering altar of Xom.
    22 | D        | Found an ornate altar of the Wu Jian Council.
    22 | D        | Found a sacrificial altar of Ru.
    22 | D        | Found a stormy altar of Qazlal.
    22 | D        | Found an iron altar of Okawaru.
    22 | D        | Found a sparkling altar of Nemelex Xobeh.
    22 | D        | Found a burning altar of Makhleb.
    22 | D        | Found a blossoming altar of Fedhas.
    22 | D        | Found a white marble altar of Elyvilon.
    22 | D        | Found a shadowy altar of Dithmenos.
    22 | D        | Found a snail-covered altar of Cheibriados.
    24 | D        | Found a radiant altar of Vehumet.
    24 | D        | Found a corrupted altar of Lugonu.
    25 | D        | Found a hide-covered altar of Uskayaw.
    25 | D        | Found an ancient bone altar of Kikubaaqudgha.
    25 | D        | Found a broken altar of Ashenzari.
    29 | D        | Became a worshipper of Qazlal Stormbringer
    74 | D        | Reached skill level 4 in Shields
    74 | D        | Reached XP level 2. HP: 16/20 MP: 2/2
   138 | D        | Reached * piety under Qazlal
   139 | D        | Reached XP level 3. HP: 17/24 MP: 3/3
   226 | D        | Noticed a centaur
   229 | D        | Reached ** piety under Qazlal
   240 | D        | Killed a centaur
   241 | D        | Reached skill level 5 in Fighting
   241 | D        | Reached skill level 5 in Armour
   241 | D        | Reached skill level 1 in Dodging
   241 | D        | Reached skill level 1 in Stealth
   241 | D        | Reached skill level 5 in Shields
   241 | D        | Reached XP level 4. HP: 27/32 MP: 4/4
   318 | D        | Noticed a warg
   318 | D        | Noticed a gnoll sergeant
   328 | D        | Noticed a scorpion
   333 | D        | Reached skill level 6 in Shields
   333 | D        | Reached XP level 5. HP: 31/36 MP: 5/5
   335 | D        | Reached *** piety under Qazlal
   345 | D        | Reached skill level 5 in Maces & Flails
   353 | D        | Reached **** piety under Qazlal
   354 | D        | Reached skill level 7 in Shields
   354 | D        | Reached XP level 6. HP: 30/42 MP: 6/6
   375 | D        | Killed a warg
   395 | D        | Reached ***** piety under Qazlal
   400 | D        | Reached XP level 7. HP: 24/48 MP: 7/7
   563 | D        | Reached skill level 8 in Shields
   565 | D        | Noticed a komodo dragon
   566 | D        | HP: 1/48 [komodo dragon (22)]
   901 | D        | Killed a komodo dragon
  1196 | D        | Noticed a fire crab
  1196 | D        | Noticed a tarantella
  1209 | D        | Reached XP level 8. HP: 36/54 MP: 11/11
  1220 | D        | Killed a fire crab
  1221 | D        | Reached skill level 10 in Maces & Flails
  1221 | D        | Reached skill level 9 in Shields
  1221 | D        | Reached skill level 5 in Invocations
  1240 | D        | Killed a tarantella
  1240 | D        | Reached ****** piety under Qazlal
  1241 | D        | Reached skill level 10 in Shields
  1452 | D        | Noticed Maurice
  1452 | D        | Noticed a dream sheep
  1452 | D        | Noticed a dream sheep
  1452 | D        | Noticed a dream sheep
  1452 | D        | Noticed a dream sheep
  1453 | D        | Noticed a dream sheep
  1460 | D        | Killed a dream sheep
  1461 | D        | Reached XP level 9. HP: 60/60 MP: 13/13
  1462 | D        | Reached skill level 10 in Armour
  1469 | D        | Reached skill level 11 in Shields
  1494 | D        | Killed Maurice
  1520 | D        | Noticed a tarantella
  1521 | D        | Noticed an eight-headed hydra
  1524 | D        | Killed a tarantella
  1526 | D        | Noticed Psyche
  1531 | D        | Noticed a freezing wraith
  1532 | D        | Killed an eight-headed hydra
  1533 | D        | Reached skill level 12 in Shields
  1533 | D        | Reached XP level 10. HP: 38/67 MP: 16/16
  1557 | D        | Killed Psyche
  1559 | D        | Killed a shadow wraith
  1560 | D        | Reached skill level 10 in Fighting
  1560 | D        | Reached skill level 13 in Shields
  1825 | D        | Killed a shadow wraith
  1826 | D        | Reached skill level 10 in Invocations
  1924 | D        | Noticed a sea snake
  1943 | D        | Reached skill level 5 in Dodging
  1943 | D        | Reached skill level 1 in Evocations
  1944 | D        | Killed a sea snake
  1948 | D        | Reached skill level 14 in Shields
  1957 | D        | Reached XP level 11. HP: 53/73 MP: 12/19
  2007 | D        | Noticed a nagaraja
  2007 | D        | Noticed a deep elf pyromancer
  2007 | D        | Noticed a death cob
  2013 | D        | Killed a nagaraja
  2013 | D        | Killed a deep elf pyromancer
  2013 | D        | Killed a death cob
  2014 | D        | Reached skill level 15 in Shields
  2095 | D        | Noticed a deep elf pyromancer
  2095 | D        | Noticed Arachne
  2095 | D        | Noticed a deep troll
  2097 | D        | Killed a deep elf pyromancer
  2097 | D        | Killed a deep troll
  2098 | D        | Reached skill level 16 in Shields
  2105 | D        | Killed Arachne
  2114 | D        | Reached XP level 12. HP: 57/80 MP: 6/22
  2325 | D        | Reached skill level 17 in Shields
  2325 | D        | Reached skill level 15 in Invocations
  2538 | D        | Gained mutation: You do not regenerate when monsters are
                  | visible. [a neqoxec]
  2719 | D        | Found the +7 great mace "Firestarter" {inner flame, rF++}
  2721 | D        | Reached skill level 18 in Shields
  2872 | D        | Noticed a death knight
  2872 | D        | Noticed a fire dragon
  2872 | D        | Noticed Josephine
  2873 | D        | Noticed a death knight
  2875 | D        | Killed Josephine
  2880 | D        | Noticed an alligator snapping turtle
  2880 | D        | Killed a death knight
  2883 | D        | Lost mutation: You do not regenerate when monsters are
                  | visible. [potion of mutation]
  2883 | D        | Gained mutation: Your body sometimes deteriorates upon
                  | taking damage. [potion of mutation]
  2883 | D        | Gained mutation: You are partially covered in iridescent
                  | scales. (AC +2) [potion of mutation]
  2883 | D        | Gained mutation: Your mind is acute. (Int +4, Str/Dex -1)
                  | [potion of mutation]
  2884 | D        | Lost mutation: Your mind is acute. (Int +4, Str/Dex -1)
                  | [potion of mutation]
  2884 | D        | Lost mutation: You are partially covered in iridescent
                  | scales. (AC +2) [potion of mutation]
  2884 | D        | Lost mutation: Your body sometimes deteriorates upon taking
                  | damage. [potion of mutation]
  2884 | D        | Gained mutation: You are agile. (Dex +4, Str/Int -1)
                  | [potion of mutation]
  2884 | D        | Gained mutation: You passively map a small area around you.
                  | [potion of mutation]
  2884 | D        | Gained mutation: You have large cloven feet. [potion of
                  | mutation]
  2890 | D        | Noticed a ghost moth
  2895 | D        | Killed a fire dragon
  2899 | D        | Noticed a rakshasa
  2900 | D        | Killed an alligator snapping turtle
  2901 | D        | Reached skill level 19 in Shields
  2901 | D        | Reached XP level 13. HP: 21/87 MP: 1/25
  2903 | D        | Noticed a daeva
  2907 | D        | Killed a ghost moth
  2908 | D        | Reached skill level 15 in Maces & Flails
  2913 | D        | Killed from afar by a daeva

Illustrated notes

Levels and vault maps discovered:
D:        pitsprint [storerooms_1, entrance_room_1, metal_vault_4, armoury_1,
          mini_pit_1, grid_room_1, main_hall_1, silver_pit, the_coven_3,
          the_vestibule_1, steel_vault_1, golden_pit, hallway_of_sentries,
          crystal_vault_2, iron_vault_1, final_vault]

Skill      XL: |  1  2  3  4  5  6  7  8  9 10 11 12 13 |
---------------+----------------------------------------+-----
Armour         | 4 5 6 7 8 9 11 12 13 14 | 14.4
Fighting       | 4 5 6 7 8 9 10 11 12 13 | 13.0
Shields        | 4 5 6 7 8 10 12 14 16 19 | 19.2
Maces & Flails | 4 6 8 9 11 12 13 14 15 | 15.0
Dodging        | 1 2 3 4 5 6 |  6.7
Stealth        | 1 2 3 4 |  4.2
Invocations    | 4 6 8 10 14 17 | 17.4
Evocations     | 1 |  1.4

Action                   |  1- 3 |  4- 6 |  7- 9 | 10-12 | 13-15 || total
-------------------------+-------+-------+-------+-------+-------++-------
Melee: Mace              |    32 |    64 |   130 |   210 |       ||   436
       Flail             |     2 |       |       |       |       ||     2
       Great mace        |       |       |       |     6 |     7 ||    13
Invok: Elemental Force   |       |       |       |     5 |       ||     5
       Upheaval          |       |       |       |     2 |       ||     2
       Disaster Area     |       |       |       |     5 |       ||     5
Evoke: Wand              |       |       |       |     3 |       ||     3
  Use: Potion            |     1 |     3 |     6 |     6 |     3 ||    19
       Scroll            |       |       |     1 |       |       ||     1
 Stab: Paralysed         |       |       |       |     3 |       ||     3
Armor: Scale mail        |    45 |       |       |       |       ||    45
       Chain mail        |       |    29 |    70 |   126 |       ||   225
       Ring mail         |       |       |       |     7 |     9 ||    16
Dodge: Dodged            |    36 |    19 |    37 |    66 |     3 ||   161
Block: Buckler           |    22 |    26 |    66 |   198 |       ||   312
       Other             |       |       |       |     3 |     2 ||     5

Table legend: (Time is in decaauts)
 A = Elapsed time spent in this place.
 B = Non-inter-level travel time spent in this place.
 C = Inter-level travel time spent in this place.
 D = Time resting spent in this place.
 E = Time spent auto-exploring this place.
 F = Levels seen in this place.
 G = Mean time per level.
                   A        B        C        D        E       F      G
               +--------+--------+--------+--------+--------+-----+--------+
         Total |   2942 |   2942 |      0 |   1521 |     53 |   1 | 2942.0 |
       Dungeon |   2942 |   2942 |      0 |   1521 |     53 |   1 | 2942.0 |
               +--------+--------+--------+--------+--------+-----+--------+

Top non-repeatable levels by time:
       D: 2942 daAuts
